Cogmind - Beta 17.1 @@@ ROGUE MODE // 2026.09.23 @ 17:24:02 Player: Figgis Result: Destroyed by G-50 Soldier with Heavy Laser Performance ------------- Evolutions (4) 2000 Regions Visited (12) 2400 Robots Destroyed (228) 1140 Value Destroyed (7196) 7196 Prototype IDs (22) 440 Alien Tech Used (0) 0 Bonus (390) 390 TOTAL SCORE: 13566 Bonus ------- High Alert Combat Kills 191 Follower Combat Kills 369 Friendly Fire -170 Cogmind --------- Core Integrity 0/850 Matter 300/300 Energy 99/100 System Corruption 5% Temperature Warning (369) Movement Core (50) Location -6/Extension Parts ------- > --- POWER (2) -------- (None) > --- PROPULSION (5) --- (None) > --- UTILITY (5) ------ Improved Heat Sink Improved Target Analyzer > --- WEAPON (3) ------- (None) > --- INVENTORY (5) ---- Armored Huge Wheel Shock Absorption System Flak Gun Improved Proton Missile Launcher Peak State ------------ > --- POWER ------------ Light Angular Momentum Engine Cold Fusion Reactor > --- PROPULSION ------- Light Treads Light Treads Light Treads Medium Treads Improved Medium Treads > --- UTILITY ---------- Advanced Heat Sink Huge Storage Unit Improved Target Analyzer Focal Shield Hacking Suite > --- WEAPON ----------- Enhanced Autogun Coil Gun Coil Gun > --- INVENTORY -------- Light Nuclear Core Fission Core Fission Core Improved Heat Sink Large Storage Unit Matter Compressor Matter Compressor Matter Compressor Layered Light Armor Plating Shock Absorption System Hardlight Generator System Shield Heavy Laser Heavy Ion Cannon Phase Cannon Minigun Barrage Gun Flak Gun Flak Gun Improved Proton Missile Launcher Heavy Missile Launcher Improved Datajack Blade Saw Heavy Pick [Rating: 65] Favorites ----------- Power Improved Ion Engine Engine Improved Ion Engine Power Core Light Nuclear Core Reactor Cold Fusion Reactor Propulsion Light Treads Treads Light Treads Wheel Wheel Utility Huge Storage Unit Device Improved Heat Sink Storage Huge Storage Unit Processor Targeting Computer Hackware System Shield Protection Light Armor Plating Weapon Minigun Energy Gun Heavy Laser Energy Cannon Advanced Beam Cannon Ballistic Gun Minigun Ballistic Cannon Heavy Assault Cannon Launcher Improved Proton Missile Launcher Slashing Weapon Blade Saw Special Melee Weapon Improved Datajack Build | -11 -10 -10 -9 -9 -9 -8 -8 -7 -7 -7 -6 -6 ------- Run | Yrd Mat Min Mat Min Exi Min Mat Fac Low Low Fac Ext Slots Evolved 8 | . . . 2 . . . 2 2 . . 2 . Power 1 | . . . . . . . . . . . 1 . Propulsion 3 | . . . 1 . . . 1 . . . 1 . Utility 3 | . . . 1 . . . 1 1 . . . . Weapon 1 | . . . . . . . . 1 . . . . Parts Attached 124 | 4 8 5 11 . 2 1 34 5 11 2 36 5 Power 20 | . 2 1 2 . . . 3 . 2 1 8 1 Engine 16 | . 2 1 2 . . . 2 . 2 1 5 1 Core 3 | . . . . . . . 1 . . . 2 . Reactor 1 | . . . . . . . . . . . 1 . Propulsion 36 | 2 . 1 5 . . . 10 . 4 1 11 2 Treads 35 | 2 . 1 5 . . . 10 . 4 1 10 2 Leg . | . . . . . . . . . . . . . Wheel 1 | . . . . . . . . . . . 1 . Hover . | . . . . . . . . . . . . . Flight . | . . . . . . . . . . . . . Utility 26 | . 3 . 4 . . . 9 3 2 . 5 . Device 10 | . . . . . . . 2 3 2 . 3 . Storage 3 | . 1 . 2 . . . . . . . . . Processor 3 | . 1 . . . . . 1 . . . 1 . Hackware 2 | . . . . . . . 1 . . . 1 . Protection 8 | . 1 . 2 . . . 5 . . . . . Artifact . | . . . . . . . . . . . . . Weapon 42 | 2 3 3 . . 2 1 12 2 3 . 12 2 Energy Gun 4 | . . . . . . . 3 1 . . . . Energy Cannon 3 | . . . . . 1 . . . 1 . 1 . Ballistic Gun 26 | 2 3 1 . . . 1 6 1 1 . 10 1 Ballistic Cannon 3 | . . 1 . . . . 1 . . . . 1 Launcher 4 | . . 1 . . . . 1 . 1 . 1 . Special Weapon . | . . . . . . . . . . . . . Impact Weapon . | . . . . . . . . . . . . . Slashing Weapon 1 | . . . . . . . 1 . . . . . Piercing Weapon . | . . . . . . . . . . . . . Special Melee Weapon 1 | . . . . . 1 . . . . . . . Unidentified Prototypes 6 | . . . 1 . 1 . 3 . . . 1 . Parts Lost 70 | . . 2 . . . 1 19 1 7 2 28 10 Power 10 | . . . . . . . 2 . . 1 5 2 Propulsion 32 | . . 2 . . . . 9 . 2 1 13 5 Utility 11 | . . . . . . 1 3 1 3 . 2 1 Weapon 17 | . . . . . . . 5 . 2 . 8 2 Highest Loss Streak 12 | . . 1 . . . 1 7 1 5 2 12 9 To Critical Strikes 2 | . . . . . . . . . 1 . 1 . Average Backups 19 | 2 6 11 17 22 21 21 22 24 19 18 20 23 Power 3 | 1 2 2 3 5 5 5 6 6 4 3 2 1 Propulsion 2 | . . . 3 6 6 6 3 4 2 3 2 . Utility 4 | . 1 4 4 4 4 4 4 5 4 4 6 9 Weapon 6 | . 2 4 5 6 6 5 7 7 6 7 8 10 Tool/Special . | . . . . . . . . . . . . . Unused Backups 30 | . 1 1 6 . . . 2 3 . . 3 14 Power 3 | . . . 2 . . . . . . . . 1 Propulsion 4 | . . . 2 . . . . 1 . . . 1 Utility 12 | . 1 1 . . . . . . . . 2 8 Weapon 11 | . . . 2 . . . 2 2 . . 1 4 Tool/Special . | . . . . . . . . . . . . . Average Slot Usage (%) 92 | . 92 87 84 88 97 94 95 99 93 92 92 87 Engine 9 | . 13 14 11 11 11 11 6 7 7 7 9 4 Treads 29 | . 27 18 30 33 33 33 34 30 29 30 28 27 Device 6 | . . . . . . . 4 9 16 15 12 12 Storage 9 | . 12 14 11 11 11 11 9 7 7 7 6 6 Processor 8 | . 2 14 11 11 11 11 9 7 7 7 6 6 Hackware 1 | . . . . . . . 4 4 . . 5 . Protection 4 | . 6 . 9 11 11 6 5 7 1 . . . Energy Gun 1 | . . . . . . . 4 4 . . . . Energy Cannon 1 | . . . . . 8 11 . . . . 1 5 Ballistic Gun 13 | . 27 23 . . . 11 8 11 21 23 16 8 Ballistic Cannon 3 | . . 2 11 11 2 . 4 4 . . . 2 Peak Build Rating 65 | 4 8 11 19 19 19 19 29 36 36 34 65 54 Average Rating 27 | 1 6 8 16 19 18 18 26 34 32 33 53 51 On Entrance 21 | . 4 8 11 19 19 19 18 28 36 32 34 50 Avg Prop Armor Cover (%) 10 | 26 26 . . . . . . . . . 2 2 Naked Turns . | . . . . . . . . . . . . . Heaviest Build 123 | 3 32 37 103 103 103 98 110 112 110 104 121 123 Greatest Support 128 | 3 40 40 63 63 63 63 83 80 80 80 128 108 Greatest Overweight (x) 30 | . . 1 1 1 1 1 2 1 2 1 30 2 Average Overweight (x) . | . . . . 1 1 1 1 1 1 1 . . Largest Inventory Capacity 25 | 5 15 15 25 25 25 25 25 25 25 25 25 25 Average Capacity 22 | 5 14 15 18 25 25 25 25 25 25 25 25 24 Most Carried 25 | 5 15 14 22 22 24 24 25 25 25 20 25 25 Average Carried 19 | 3 6 11 17 22 22 22 22 24 18 18 20 23 Final Capacity 25 | 5 15 15 25 25 25 25 25 25 25 25 25 5 Final Carried 25 | 4 12 12 22 22 22 24 25 25 20 18 20 5 Class Distribution -------------------- 36% | Mutant 24% | Scavenger-Mutant 23% | Scavenger-Tank 13% | Scavenger-Gunner Dominant Class ---------------- Mutant | -10/Materials Mutant | -10/Mines Mutant | -9/Materials Mutant | -9/Mines Mutant | -9/Exiles Mutant | -8/Mines Scavenger-Mutant | -8/Materials Scavenger-Gunner | -7/Factory Scavenger-Tank | -7/Lower Caves Scavenger-Tank | -7/Lower Caves Scavenger-Tank | -6/Factory Scavenger-Gunner | -6/Extension Resources | -11 -10 -10 -9 -9 -9 -8 -8 -7 -7 -7 -6 -6 ----------- Run | Yrd Mat Min Mat Min Exi Min Mat Fac Low Low Fac Ext Matter Collected 6655 | 203 457 202 638 141 . 127 1423 275 357 92 2442 298 Remotely . | . . . . . . . . . . . . . Salvage Created 8284 | . 475 216 713 105 . 398 2186 422 685 96 2530 458 Parts 463 | . 43 16 43 7 . 30 119 28 20 9 126 22 Haulers Intercepted 9 | . 1 . 2 . . . 3 . . . 3 . Recyclers Shooed 9 | . . . . . . . 1 . . . 7 1 Parts Field Recycled . | . . . . . . . . . . . . . Retrieved Matter . | . . . . . . . . . . . . . Parts Self-Destructed 29 | . . . . . . . . . 20 9 . . Prevented 5 | . . . . . . . . . . 5 . . Parts Restored . | . . . . . . . . . . . . . Kills | -11 -10 -10 -9 -9 -9 -8 -8 -7 -7 -7 -6 -6 ------- Run | Yrd Mat Min Mat Min Exi Min Mat Fac Low Low Fac Ext Combat Hostiles Destroyed 184 | . 16 8 16 6 . 19 48 8 16 4 37 6 Guns 117 | . 16 7 . . . 10 32 8 13 4 25 2 Cannons 54 | . . . 16 6 . 8 15 . 1 . 4 4 AOE 8 | . . 1 . . . . 1 . 2 . 4 . Classes Destroyed 16 | . 4 1 4 1 . . 4 1 1 . . . Worker 6 | . . 1 . . . . 2 . . . 3 . Builder 7 | . . . 2 . . . 1 1 . . 2 1 Tunneler 3 | . . . . . . . 1 . . . 2 . Hauler 9 | . 1 . 2 . . . 3 . . . 3 . Recycler 4 | . . . 1 . . . 1 . . . 1 1 Operator 2 | . . . 1 . . . 1 . . . . . Watcher 12 | . 2 . 3 . . . 4 1 . . 2 . Swarmer 66 | . 9 6 3 4 . 16 10 . 8 4 6 . Grunt 69 | . 7 2 7 1 . 3 22 4 3 . 17 3 Brawler 3 | . . . . . . . . . 3 . . . Duelist 1 | . . . . 1 . . . . . . . . Sentry 28 | . . . 6 . . . 11 . 2 . 6 3 Specialist 2 | . . . . . . . 2 . . . . . Hunter 4 | . . . . . . . 2 . . . 2 . Programmer 10 | . . . . . . . . 4 . . 6 . Heavy 1 | . . . . . . . 1 . . . . . Thug 1 | . . . 1 . . . . . . . . . Best Kill Streak 9 | . 4 3 3 4 . 4 5 4 6 4 9 4 Combat Bots Only 6 | . 4 3 2 4 . 4 5 4 6 4 6 3 Max Kills in Single Turn 2 | . 2 2 2 1 . 2 1 2 2 1 2 1 Gunslinging 1 | . 1 1 . . . . . . 1 . . . Exploded 2 | . . 1 . . . . 1 . 2 . 1 . Melee . | . . . . . . . . . . . . . Uniques/NPCs Destroyed . | . . . . . . . . . . . . . Combat | -11 -10 -10 -9 -9 -9 -8 -8 -7 -7 -7 -6 -6 -------- Run | Yrd Mat Min Mat Min Exi Min Mat Fac Low Low Fac Ext Hostile Shots Fired 1492 | . 104 50 55 22 . 75 274 40 99 49 591 133 Missed 473 | . 24 12 18 4 . 17 79 24 25 13 226 31 Hits 1019 | . 80 38 37 18 . 58 195 16 74 36 365 102 Melee 9 | . . . . . . . . . 6 3 . . Projectile 1010 | . 80 38 37 18 . 58 195 16 68 33 365 102 Critical Strikes 30 | . . 2 1 . . 3 7 1 4 . 10 2 Part Disruptions 1 | . . . . . . . . . . . 1 . Damage Taken 12868 | . 764 398 433 161 . 502 3118 270 1247 635 3966 1374 Core 1566 | . 89 32 36 26 . 48 251 20 95 113 592 264 Absorbed by Shields 237 | . . . . . . . . 55 158 . 24 . Redirected to Shielding 62 | . . . . . . . 62 . . . . . Ignored by Resistances 717 | . . . . . . . 54 . . . 558 105 Regen/Repaired (Parts) 525 | . 250 . . . . . 107 . . . 168 . Core Remaining (%) 68 | 100 . 51 . . . 72 54 . . 67 . . Volleys Fired 587 | . 64 23 66 18 . 33 167 23 34 7 132 20 Largest 3 | . 2 2 1 1 . 2 2 3 3 3 3 3 Hottest 161 | . 40 50 50 50 . 91 106 131 119 75 146 161 Shots Fired 1191 | . 128 46 66 18 . 66 322 69 74 21 324 57 Gun 919 | . 128 44 . . . 33 242 60 71 21 294 26 Cannon 257 | . . . 66 18 . 33 76 9 2 . 22 31 Launcher 15 | . . 2 . . . . 4 . 1 . 8 . Special . | . . . . . . . . . . . . . Kinetic 993 | . 128 44 66 18 . 33 238 51 62 21 294 38 Thermal 183 | . . . . . . 33 80 18 11 . 22 19 Explosive 7 | . . 2 . . . . 4 . 1 . . . Electromagnetic 8 | . . . . . . . . . . . 8 . Robot Hit Streak 32 | . 6 7 7 2 . 9 16 9 32 8 12 11 Robot Miss Streak 10 | . 8 3 3 2 . 3 6 3 2 3 10 5 Penetration Max 1 | . . . 1 . . . . . . . 1 . Secondary Targets 24 | . 5 1 . . . . 5 1 5 2 5 . Max Gunslinging Chain 1 | . 1 1 . . . . 1 1 1 1 1 . Shots Hit Robots 797 | . 63 27 45 7 5 40 233 42 62 15 219 39 Core Hits 429 | . 27 15 21 4 . 21 105 19 25 8 153 31 Critical Kills 12 | . . . . . . 1 . . . . 8 3 Critical Parts Destroyed 19 | . . 1 . . . . 2 . . 1 12 3 Critical Strikes 47 | . . 1 5 . . 1 10 . 1 1 21 7 Burn 6 | . . . . . . . 5 . 1 . . . Meltdown 3 | . . . . . . 1 . . . . 2 . Destroy 30 | . . 1 . . . . 2 . . 1 19 7 Blast 8 | . . . 5 . . . 3 . . . . . Melee Attacks 7 | . . . . . 5 . 2 . . . . . Impact . | . . . . . . . . . . . . . Slashing 2 | . . . . . . . 2 . . . . . Piercing . | . . . . . . . . . . . . . Sneak Attacks 5 | . . . . . 5 . . . . . . . Combat Hostiles . | . . . . . . . . . . . . . Follow-up Attacks . | . . . . . . . . . . . . . Damage Inflicted 19234 | . 740 473 2828 433 . 805 5155 871 1345 274 5201 1109 Guns 11314 | . 740 370 . . . 302 3425 840 1118 273 3836 410 Cannons 6375 | . . . 2828 433 . 503 1258 31 55 . 569 698 Explosions 1537 | . . 103 . . . . 472 . 172 . 790 . Melee . | . . . . . . . . . . . . . Ramming 8 | . . . . . . . . . . 1 6 1 Kinetic 14397 | . 740 370 2828 433 . 302 3498 591 939 273 3836 587 Thermal 3422 | . . . . . . 503 1185 280 234 . 699 521 Explosive 747 | . . 103 . . . . 472 . 172 . . . Electromagnetic 660 | . . . . . . . . . . . 660 . Impact . | . . . . . . . . . . . . . Slashing . | . . . . . . . . . . . . . Piercing . | . . . . . . . . . . . . . Highest Corruption 5 | . . . . . . . 2 . . . 5 5 Average Corruption 3 | . . . . . . . 2 . . . 4 5 Corruption Purged . | . . . . . . . . . . . . . Corruption Blocked . | . . . . . . . . . . . . . Effects 83 | . . . . . . . 17 . . . 44 22 Message Errors 16 | . . . . . . . 3 . . . 8 5 Matter Fused 22 | . . . . . . . 4 . . . 13 5 Heat Flow Errors 12 | . . . . . . . 3 . . . 6 3 Energy Discharges 11 | . . . . . . . 3 . . . 5 3 Parts Rejected 1 | . . . . . . . 1 . . . . . Parts Fused 1 | . . . . . . . . . . . . 1 Data Loss (minor) 11 | . . . . . . . 1 . . . 6 4 Misfires 5 | . . . . . . . 1 . . . 4 . Alerts 2 | . . . . . . . 1 . . . . 1 Weapon Failures 2 | . . . . . . . . . . . 2 . Overload Shots . | . . . . . . . . . . . . . Overflow Damage 378 | . . . 245 95 . 12 15 . . . 7 4 Projectiles 369 | . . . 245 95 . 12 6 . . . 7 4 Explosions 9 | . . . . . . . 9 . . . . . Melee . | . . . . . . . . . . . . . Knockbacks 19 | . . . 9 1 . . 7 1 . . . 1 Impact . | . . . . . . . . . . . . . Kinetic 18 | . . . 8 1 . . 7 1 . . . 1 Secondary 1 | . . . 1 . . . . . . . . . Self-Inflicted Damage . | . . . . . . . . . . . . . Shots . | . . . . . . . . . . . . . Rammed 3 | . . . . . . . . . . 1 . 2 Targets Rammed 4 | . . . . . . . . . . 1 1 2 Kicked . | . . . . . . . . . . . . . Crushed 1 | . . . . . . . . . . . 1 . Highest Temperature 553 | . 18 20 56 24 . 153 267 101 101 27 213 553 Average Temperature 60 | . 7 6 15 7 . 61 65 29 35 13 73 167 Received Heat Transfer 3007 | . 216 153 153 24 . 45 1017 26 153 99 683 438 Effects 9 | . . . . . . . . . . . . 9 Shutdowns 2 | . . . . . . . . . . . . 2 Interference 3 | . . . . . . . . . . . . 3 Damage (minor) 1 | . . . . . . . . . . . . 1 Damage (major) 3 | . . . . . . . . . . . . 3 Siege Activations . | . . . . . . . . . . . . . Martial Activations . | . . . . . . . . . . . . . Shielding Activations . | . . . . . . . . . . . . . Robots Disrupted . | . . . . . . . . . . . . . Combat Hostiles . | . . . . . . . . . . . . . Robots Corrupted 2 | . . . . . . . . . . . 2 . Combat Hostiles 2 | . . . . . . . . . . . 2 . Parts Fried . | . . . . . . . . . . . . . Impact Corruptions . | . . . . . . . . . . . . . Robots Melted 3 | . . . . . . 1 . . . . 2 . Combat Hostiles 3 | . . . . . . 1 . . . . 2 . Parts Melted 7 | . . . . 1 . . 1 . . . 5 . Heat Transferred 5798 | . . . . . . 851 2590 481 481 . 766 629 Parts Sabotaged . | . . . . . . . . . . . . . Parts Stolen . | . . . . . . . . . . . . . Parts Stripped . | . . . . . . . . . . . . . Power Chain Reactions 1 | . . . . . . . . . . . 1 . Alert | -11 -10 -10 -9 -9 -9 -8 -8 -7 -7 -7 -6 -6 ------- Run | Yrd Mat Min Mat Min Exi Min Mat Fac Low Low Fac Ext Maximum Alert Level 2 | . . . 1 . . . 2 1 . . 2 1 Low Security (%) 78 | 100 100 100 97 100 . 100 62 84 . . 46 79 Level 1 10 | . . . 2 . . . 10 15 . . 31 20 Level 2 10 | . . . . . . . 27 . . . 22 . Level 3 . | . . . . . . . . . . . . . Level 4 . | . . . . . . . . . . . . . Level 5 . | . . . . . . . . . . . . . High Security . | . . . . . . . . . . . . . Max Security . | . . . . . . . . . . . . . Peak Influence 698 | . 130 87 208 86 . 180 698 314 . . 472 341 Initial 314 | . . 6 . 59 . . 43 314 . . . 225 Average 133 | . 47 11 99 27 . 69 232 83 . . 217 167 Influence Increases 5716 | . 435 212 563 152 . 470 1434 245 374 90 1143 598 Destroy 0b10 Robot/C 3900 | . 320 160 320 120 . 380 960 160 340 80 740 320 Destroy 0b10 Robot/NC 220 | . 15 10 45 . . . 65 10 . . 65 10 Destroy Leader 902 | . 66 30 110 20 . 60 244 62 30 10 220 50 Allied During Kill 118 | . . . . . . . . . 4 . . 114 Successful Hack 136 | . 33 . 33 . . . 13 8 . . 4 45 Disable Machine 120 | . . . 15 . . 15 45 . . . 45 . Destroy Structure 110 | . 1 12 25 12 . . 32 5 . . 9 14 Partial Spotted 15 | . . . . . . . 15 . . . . . Lose Combat Pursuer 195 | . . . 15 . . 15 60 . . . 60 45 Influence Decreases 5463 | . 418 229 410 305 . 358 855 831 479 90 682 806 Entered New Map 827 | . . 11 . 94 . . 69 377 40 . . 236 Time Decay 3804 | . 418 198 410 211 . 348 596 452 379 70 412 310 Lost Part 672 | . . 20 . . . 10 190 2 60 20 270 100 Lost Ally 160 | . . . . . . . . . . . . 160 Squads Dispatched 40 | . 3 1 4 . . . 8 5 . 1 15 3 Investigation 11 | . 2 1 2 . . . 1 1 . . 2 2 Extermination 8 | . . . . . . . . 3 . . 5 . Reinforcement 14 | . 1 . 2 . . . 4 1 . . 5 1 Assault 1 | . . . . . . . . . . 1 . . Garrison 6 | . . . . . . . 3 . . . 3 . Intercept . | . . . . . . . . . . . . . Searches Triggered . | . . . . . . . . . . . . . Construction Impeded 3 | . . . 1 . . . . . . . 1 1 Haulers Reinforced 1 | . . . . . . . . . . . 1 . Active Scanning Responses . | . . . . . . . . . . . . . Cargo Convoy Interrupts . | . . . . . . . . . . . . . Stealth | -11 -10 -10 -9 -9 -9 -8 -8 -7 -7 -7 -6 -6 --------- Run | Yrd Mat Min Mat Min Exi Min Mat Fac Low Low Fac Ext Distress Signals 12 | . . . 4 1 . . 2 . . . 2 3 Communications Jammed . | . . . . . . . . . . . . . Distress Signals . | . . . . . . . . . . . . . Times Spotted 270 | . 25 11 28 6 . 21 64 13 17 14 51 20 Peak Tracking Total 9 | . 4 3 3 4 . 4 5 2 7 9 5 7 Tactical Retreats 10 | . . . 1 . . 1 4 . . . 3 1 Traps | -11 -10 -10 -9 -9 -9 -8 -8 -7 -7 -7 -6 -6 ------- Run | Yrd Mat Min Mat Min Exi Min Mat Fac Low Low Fac Ext Traps Triggered 11 | . 4 . 1 . . . 1 3 . . . 2 Indirectly . | . . . . . . . . . . . . . Trap Hack Attempts . | . . . . . . . . . . . . . Triggered . | . . . . . . . . . . . . . Disarmed . | . . . . . . . . . . . . . Reprogrammed . | . . . . . . . . . . . . . Reused . | . . . . . . . . . . . . . Traps Extracted . | . . . . . . . . . . . . . Installed . | . . . . . . . . . . . . . Triggered . | . . . . . . . . . . . . . Machines | -11 -10 -10 -9 -9 -9 -8 -8 -7 -7 -7 -6 -6 ---------- Run | Yrd Mat Min Mat Min Exi Min Mat Fac Low Low Fac Ext Machines Disabled 8 | . . . 1 . . 1 3 . . . 3 . Max in Single Turn 1 | . . . 1 . . 1 1 . . . 1 . Garrison Access 2 | . . . . . . . 1 1 . . . . Machines Repaired . | . . . . . . . . . . . . . Machines Dismantled . | . . . . . . . . . . . . . Machines Sabotaged . | . . . . . . . . . . . . . Overloaded Fab Kills . | . . . . . . . . . . . . . Hacking | -11 -10 -10 -9 -9 -9 -8 -8 -7 -7 -7 -6 -6 --------- Run | Yrd Mat Min Mat Min Exi Min Mat Fac Low Low Fac Ext Machines Accessed 54 | . 6 1 13 . 1 . 14 5 1 . 7 6 Terminals 34 | . 5 . 9 . . . 10 2 . . 4 4 Fabricators 2 | . . . . . . . . 1 . . 1 . Repair Stations 6 | . 1 . 1 . . . 2 . . . 1 1 Recycling Units 2 | . . . 1 . . . . . . . . 1 Scanalyzers 4 | . . . 2 . . . 1 1 . . . . Garrison Access 3 | . . . . . . . 1 1 . . 1 . Total Hacks 153 | . 22 1 28 . 23 . 39 8 1 . 16 15 Successful 74 | . 11 1 14 . 23 . 11 2 1 . 3 8 Failed 78 | . 11 . 14 . . . 27 6 . . 13 7 Catastrophic 22 | . . . 3 . . . 9 4 . . 4 2 Database Lockouts 1 | . . . . . . . 1 . . . . . Manual 43 | . 10 . 10 . . . 19 2 . . 2 . Terminals 83 | . 17 . 19 . . . 29 3 . . 7 8 Fabricators 3 | . . . . . . . . 1 . . 2 . Repair Stations 22 | . 5 . 2 . . . 6 . . . 3 6 Recycling Units 3 | . . . 2 . . . . . . . . 1 Scanalyzers 7 | . . . 5 . . . 1 1 . . . . Garrison Access 10 | . . . . . . . 3 3 . . 4 . Terminal Hacks 52 | . 7 1 8 . 23 . 6 1 1 . . 5 Record 23 | . . . . . 23 . . . . . . . Robot Analysis 9 | . 3 . 3 . . . 3 . . . . . Prototype ID Bank 1 | . . . . . . . . . . . . 1 Open Door 3 | . . 1 . . . . . . 1 . . 1 Branch Access Points 2 | . 1 . . . . . . 1 . . . . Repair Station Index 1 | . 1 . . . . . . . . . . . Locate Traps 4 | . 1 . 2 . . . 1 . . . . . Hauler Manifests 1 | . . . . . . . 1 . . . . . Registered Components 1 | . . . 1 . . . . . . . . . Registered Prototypes 1 | . . . . . . . . . . . . 1 Zone Layout 6 | . 1 . 2 . . . 1 . . . . 2 Fabricator Hacks 1 | . . . . . . . . . . . 1 . Network Status 1 | . . . . . . . . . . . 1 . Repair Station Hacks 11 | . 4 . . . . . 3 . . . 2 2 Scan Component 7 | . 2 . . . . . 2 . . . 1 2 Repair 4 | . 2 . . . . . 1 . . . 1 . Recycling Unit Hacks 2 | . . . 1 . . . . . . . . 1 Report Inventory 2 | . . . 1 . . . . . . . . 1 Scanalyzer 5 | . . . 5 . . . . . . . . . Retrieve Study 5 | . . . 5 . . . . . . . . . Garrison Access Hacks 2 | . . . . . . . 1 1 . . . . Seal Access 2 | . . . . . . . 1 1 . . . . Unauthorized Hacks 1 | . . . . . . . 1 . . . . . Terminals 1 | . . . . . . . 1 . . . . . Operators 1 | . . . . . . . 1 . . . . . Fabricators . | . . . . . . . . . . . . . Repair Stations . | . . . . . . . . . . . . . Recycling Units . | . . . . . . . . . . . . . Scanalyzers . | . . . . . . . . . . . . . Garrison Access . | . . . . . . . . . . . . . Data Cores Recovered 2 | . . . 1 . . . 1 . . . . . Used 1 | . . . . . . . 1 . . . . . Hacking Detections 39 | . 3 . 11 . . . 11 4 . . 7 3 Full Trace Events 5 | . . . . . . . 2 . . . 2 1 Feedback Events . | . . . . . . . . . . . . . Feedback Blocked . | . . . . . . . . . . . . . Robot Schematics Acquired . | . . . . . . . . . . . . . Robots Built . | . . . . . . . . . . . . . Authchips . | . . . . . . . . . . . . . Time . | . . . . . . . . . . . . . Total Robot Build Rating . | . . . . . . . . . . . . . Part Schematics Acquired . | . . . . . . . . . . . . . Parts Built . | . . . . . . . . . . . . . Authchips . | . . . . . . . . . . . . . Time . | . . . . . . . . . . . . . Total Part Build Rating . | . . . . . . . . . . . . . Part Studies Acquired 5 | . . . 5 . . . . . . . . . Parts Repaired 4 | . 2 . . . . . 1 . . . 1 . Time 122 | . 52 . . . . . 26 . . . 44 . Parts Recycled . | . . . . . . . . . . . . . Recycled Matter . | . . . . . . . . . . . . . Retrieved Matter . | . . . . . . . . . . . . . Retrieved Components . | . . . . . . . . . . . . . Parts Scanalyzed . | . . . . . . . . . . . . . Part Schematics Acquired . | . . . . . . . . . . . . . Parts Damaged . | . . . . . . . . . . . . . Bothacking | -11 -10 -10 -9 -9 -9 -8 -8 -7 -7 -7 -6 -6 ------------ Run | Yrd Mat Min Mat Min Exi Min Mat Fac Low Low Fac Ext Used RIF Installer . | . . . . . . . . . . . . . Robots Hacked 5 | . . . . . 5 . . . . . . . Non-combat 3 | . . . . . 3 . . . . . . . Combat 2 | . . . . . 2 . . . . . . . Robot Hacks Applied 5 | . . . . . 5 . . . . . . . parse_system 5 | . . . . . 5 . . . . . . . Relay Couplers Released . | . . . . . . . . . . . . . Fabnet Peak Effective % . | . . . . . . . . . . . . . Robots Rewired 9 | . . . . . . . . . 2 . . 7 Allies Hacked . | . . . . . . . . . . . . . Hacks Repelled . | . . . . . . . . . . . . . Allies | -11 -10 -10 -9 -9 -9 -8 -8 -7 -7 -7 -6 -6 -------- Run | Yrd Mat Min Mat Min Exi Min Mat Fac Low Low Fac Ext Total Allies 12 | . . . . 1 . . . . 2 . . 9 Largest Group 8 | . . . . 1 . . . . 2 . . 8 Highest-Rated Group 258 | . . . . 31 . . . . 60 . . 258 Highest-Rated Ally 39 | . . . . 31 . . . . 30 . . 39 Total Orders . | . . . . . . . . . . . . . Ally Attacks 61 | . . . . 10 . . . . 3 . . 48 Total Damage 1043 | . . . . 85 . . . . 71 . . 887 Kills 12 | . . . . 1 . . . . 1 . . 10 Allies Corrupted . | . . . . . . . . . . . . . Allies Melted . | . . . . . . . . . . . . . Intel | -11 -10 -10 -9 -9 -9 -8 -8 -7 -7 -7 -6 -6 ------- Run | Yrd Mat Min Mat Min Exi Min Mat Fac Low Low Fac Ext Active Infowar (turns) 1075 | . . . . . . . 1075 . . . . . Terrain 1075 | . . . . . . . 1075 . . . . . Robot Analysis Total 9 | . 3 . 3 . . . 3 . . . . . Derelict Logs Recovered 4 | . . 2 . . . . . . 2 . . . Drone Launches . | . . . . . . . . . . . . . Drone Recoveries . | . . . . . . . . . . . . . Exploration | -11 -10 -10 -9 -9 -9 -8 -8 -7 -7 -7 -6 -6 ------------- Run | Yrd Mat Min Mat Min Exi Min Mat Fac Low Low Fac Ext Turns Passed 18464 | 27 1358 1488 2331 541 372 1285 3389 1511 2440 148 2890 684 Spaces Moved 8337 | 32 674 674 1204 247 183 582 1381 711 1137 58 1205 249 Core 86 | 32 50 . . . . . . . . . 1 3 Treads 8238 | . 624 674 1204 247 183 582 1381 711 1137 58 1191 246 Legs . | . . . . . . . . . . . . . Wheels 13 | . . . . . . . . . . . 13 . Hover . | . . . . . . . . . . . . . Flight . | . . . . . . . . . . . . . Fastest Speed 50 | 50 50 160 160 200 200 200 200 200 200 212 160 50 Average Speed 191 | 50 151 205 175 200 200 200 200 200 200 212 188 208 Slowest Speed 1550 | 50 160 240 240 200 200 200 240 200 240 212 1550 240 Overloaded Moves . | . . . . . . . . . . . . . Propulsion Burnouts . | . . . . . . . . . . . . . Robots Hopped . | . . . . . . . . . . . . . Potential Cave-ins 3 | . . . . 3 . . . . . . . . Cave-ins Triggered . | . . . . . . . . . . . . . Exploration Rate (%) 59 | 3 88 97 95 43 58 93 98 24 99 11 27 32 Regions Visited 12 Branch Regions 7 Pre-discovered Areas 2 | . . 1 . . 1 . . . . . . . Known Exits Taken 3 | . 1 . . . . . . 1 1 . . . Unknown Exits Taken 9 | 1 . 1 1 1 1 1 1 . . 1 1 . Scrap Searched 8 | . . 1 . 1 . 2 . . 4 . . . Spaces Dug 7 | . . . . 6 . . 1 . . . . . Terrain Destroyed 119 | . . 12 25 16 . . 36 1 10 . 10 9 Melee . | . . . . . . . . . . . . . Projectile 72 | . . . 25 16 . . 13 1 . . 8 9 AOE 47 | . . 12 . . . . 23 . 10 . 2 . Terrain Rammed . | . . . . . . . . . . . . . Walls Destroyed . | . . . . . . . . . . . . . Machines Disabled . | . . . . . . . . . . . . . Actions | -11 -10 -10 -9 -9 -9 -8 -8 -7 -7 -7 -6 -6 --------- Run | Yrd Mat Min Mat Min Exi Min Mat Fac Low Low Fac Ext Total 9828 | 41 890 732 1337 268 190 637 1709 759 1248 71 1571 375 Wait 411 | . 117 16 21 4 . 20 67 9 6 4 141 6 Move 8325 | 31 673 673 1203 246 182 581 1380 710 1136 57 1204 249 Hop . | . . . . . . . . . . . . . Pick Up 152 | 6 20 6 21 . . 2 38 6 5 . 39 9 Fast Attach 7 | 2 . . 1 . . . 2 1 . . . 1 Attach 90 | 2 9 2 2 . 2 . 27 2 6 2 32 4 Detach 1 | . . . . . 1 . . . . . . . Swap 55 | . 3 4 8 . . 1 14 3 7 . 15 . Drop 60 | . 4 6 15 . . . 12 5 4 . 7 7 Fire 587 | . 64 23 66 18 . 33 167 23 34 7 132 20 Melee 7 | . . . . . 5 . 2 . . . . . Ram 2 | . . . . . . . . . . . . 2 Kick . | . . . . . . . . . . . . . Crush 2 | . . . . . . . . . . 1 1 . Escape Stasis 2 | . . . . . . . . . . . . 2 Rewire 127 | . . 2 . . . . . . 50 . . 75 Trap . | . . . . . . . . . . . . . Miscellaneous . | . . . . . . . . . . . . . Route ------- -11/Scrapyard -10/Materials (discovered 3 exits: *Mat x2 / *Min) -10/Mines (discovered 2 exits: *Mat x2) -9/Materials (discovered 4 exits: *Mat x3 / [*Min]) -9/Mines (discovered 3 exits: *Mat x2 / *Exi) -9/Exiles -8/Mines (discovered 2 exits: *Mat x2) -8/Materials (discovered 4 exits: *Fac x3 / [*Sto]) -7/Factory (discovered 3 exits: *Fac / *Low x2) -7/Lower Caves -7/Lower Caves -6/Factory (discovered 3 exits: [*Fac] / [*Low] / *Ext) -6/Extension History --------- Turn | Location | Event 9 | -11/Scrapyard | Discovered new exit (range 15) 28 | -11/Scrapyard | Entered Materials 315 | -10/Materials | Build established: Mutant 463 | -10/Materials | Discovered new exit (range 7) 526 | -10/Materials | Discovered new exit (range 6) 727 | -10/Materials | Repaired Lgt. Treads 755 | -10/Materials | Repaired Lgt. Treads 812 | -10/Materials | Discovered new exit (range 13) 1203 | -10/Materials | Identified exit to Mines 1386 | -10/Materials | Entered Mines 1898 | -10/Mines | Discovered new exit (range 5) 1908 | -10/Mines | Received a Rocket Launcher from a helpful Derelict 2546 | -10/Mines | Discovered new exit (range 11) 2579 | -10/Mines | Met a Derelict shopkeep closing up shop 2699 | -10/Mines | Learned Materials garrison access intel 2874 | -10/Mines | Entered Materials 2874 | -9/Materials | Evolved 2 slots: Propulsion x1, Utility x1 3459 | -9/Materials | Build established: Scavenger-Mutant 3620 | -9/Materials | Discovered new exit (range 15) 3723 | -9/Materials | Discovered new exit (range 16) 4295 | -9/Materials | Build established: Mutant 4464 | -9/Materials | Discovered new exit (range 16) 4739 | -9/Materials | Discovered new exit (range 8) 5205 | -9/Materials | Entered Mines 5205 | -9/Mines | Discovered new exit (range 9) 5288 | -9/Mines | Assembled infested the area 5368 | -9/Mines | Discovered new exit (range 12) 5530 | -9/Mines | Received a Mining Laser from a helpful Derelict 5706 | -9/Mines | Deemed a non-threat by the Exiles lab entrance 5738 | -9/Mines | Discovered new exit (range 5) 5746 | -9/Mines | Entered Exiles 5794 | -9/Exiles | Met 8R-AWN 5844 | -9/Exiles | Met EX-HEX 5918 | -9/Exiles | Met EX-BIN 5975 | -9/Exiles | Met EX-DEC 6028 | -9/Exiles | Learned location of Zion (-6) 6096 | -9/Exiles | Discovered new exit (range 14) 6118 | -9/Exiles | Entered Mines 6847 | -8/Mines | Discovered new exit (range 7) 6922 | -8/Mines | Discovered new exit (range 3) 7403 | -8/Mines | Entered Materials 7403 | -8/Materials | Evolved 2 slots: Propulsion x1, Utility x1 7404 | -8/Materials | Loaded intel: 1 garrison access location 7539 | -8/Materials | Discovered new exit (range 11) 7711 | -8/Materials | Build established: Scavenger-Mutant 7903 | -8/Materials | Lost 5 parts (3n1u1w) 8395 | -8/Materials | Discovered new exit (range 16) 8417 | -8/Materials | Central database locked down 8949 | -8/Materials | Discovered new exit (range 13) 9052 | -8/Materials | Lost 7 parts (1p2n2u2w) 9440 | -8/Materials | Repaired Lgt. Treads+ 9624 | -8/Materials | Discovered new exit (range 14) 9766 | -8/Materials | Garrison activated, responded to threat 10792 | -8/Materials | Entered Factory 10792 | -7/Factory | Evolved 2 slots: Utility x1, Weapon x1 11081 | -7/Factory | Build established: Scavenger-Gunner 11676 | -7/Factory | Identified exit to Lower Caves 11799 | -7/Factory | Discovered new exit (range 14) 12061 | -7/Factory | Build established: Scavenger-Tank 12303 | -7/Factory | Entered Lower Caves 12512 | -7/Lower Caves | Learned Factory terminal intel 12585 | -7/Lower Caves | Attracted the attention of an 0b10 outpost 12680 | -7/Lower Caves | Lost 5 parts (2n1u2w) 12760 | -7/Lower Caves | Identified exit to Lower Caves 13560 | -7/Lower Caves | Attracted the attention of an 0b10 checkpoint 14743 | -7/Lower Caves | Entered another Lower Caves area 14786 | -7/Lower Caves | Discovered new exit (range 11) 14871 | -7/Lower Caves | Attracted the attention of an 0b10 outpost 14891 | -7/Lower Caves | Entered Factory 14891 | -6/Factory | Evolved 2 slots: Power x1, Propulsion x1 14892 | -6/Factory | Loaded intel: 28 terminal locations 14955 | -6/Factory | Repaired Med. Treads 15196 | -6/Factory | Discovered new exit (range 5) 16583 | -6/Factory | Lost 3 parts (1p1n1w) 16623 | -6/Factory | Discovered new exit (range 16) 16749 | -6/Factory | Lost 3 parts (1p2n) 17255 | -6/Factory | Build established: Scavenger-Gunner 17495 | -6/Factory | Garrison activated, responded to threat 17528 | -6/Factory | Core integrity fell below 50% 17583 | -6/Factory | Lost 12 parts (2p5n2u3w) 17749 | -6/Factory | Discovered new exit (range 15) 17781 | -6/Factory | Entered Extension 18240 | -6/Extension | Rescued a captive Derelict 18241 | -6/Extension | Rescued a captive Derelict 18396 | -6/Extension | Lost 4 allies 18448 | -6/Extension | Spotted B-75 Beast 18448 | -6/Extension | Spotted B-75 Beast 18451 | -6/Extension | Core integrity fell below 20% 18465 | -6/Extension | Destroyed by G-50 Soldier with Heavy Laser Last Messages --------------- 18455_ Focal Shield temporarily disabled. 18455_ Imp. Heat Sink temporarily disabled. 18456_ Lgt. Treads+ destroyed. 18456_ Bore Cannon destroyed. 18458_ Overheating: Imp. Target Analyzer damaged (-18). 18458_ Overheating: Focal Shield damaged (-8). 18458_ Overheating: Lgt. Treads+ damaged (-8). 18458_ Focal Shield destroyed. 18459_ Dropped Phase Cannon. 18460_ Flak Gun destroyed. 18460_ Lgt. Treads+ destroyed. 18460_ Imp. Deuterium Engine destroyed. 18462_ Dropped Huge Storage Unit. 18462_ Dropped Fission Core. 18463_ Slammed into S-27 Virus. 18463_ Destabilizing: System interference. 18463_ Imp. Target Analyzer temporarily disabled. 18464_ Extracted 64 matter. 18464_ Knocked back. 18465_ Slammed into B-75 Beast. Map ----- +----------------------------------------------------+ | | | | | | | | | | | ?????????????????????????????????????????????????? | | ??#######????????????????????????????????????????? | | ### #????????????????????????????????????????? | | #############????????????????????????????? | | ######?????????????????????????? | | ######## #?????????????????????????? | | ### #??????# #?????????????????????????? | | ??#### ###?????# % !##????????????????????????? | | ????#T #?????# !*# ????????????????????????? | | ????## ##?????# %==##???????????????????????? | | ?????# #?????########%=%##??????????????????????? | | ?????####?????# #%!%[#??????????????????????? | | ??????????????# #=*%*#??????????????????????? | | ??????????????# * = #!===#??????????????????????? | | ??????????????# = +%| #??????????????????????? | | ??????????????# == ;!= #??????????????????????? | | ??????????????# # #??????????????????????? | | ??????????????#####+;#h/* #??????????????????????? | | ?????????????????#; [usg]g#??????????????????????? | | ?????????????????##!/!%!%!#??????????????????????? | | ??????????????????#][!]BB@#??????????????????????? | | ??????????????????#####BBBB#?????????????????????? | | ??????????????????????##[BB#?????????????????????? | | ???????????????????????#;%# #????????????????????? | | ???????????????????????T;u###????????????????????? | | ???????????????????????=+%#??????????????????????? | | ??????????????????????#[#%;??????????????????????? | | ??????????????????????##%u;??????????????????????? | | ????????????????????????#%!#?????????????????????? | | ?????????????????????????!*#?????????????????????? | | ?????????????????????????!;#?????????????????????? | | ????????????????????????? ;#?????????????????????? | | ?????????????????????????%% ?????????????????????? | | ?????????????????????????%% ?????????????????????? | | ????????????????????????? [ ?????????????????????? | | ????????????????????????? ??????????????????????? | | ?????????????????????????????????????????????????? | | ?????????????????????????????????????????????????? | | ?????????????????????????????????????????????????? | | ?????????????????????????????????????????????????? | | ?????????????????????????????????????????????????? | | ?????????????????????????????????????????????????? | | ?????????????????????????????????????????????????? | | ?????????????????????????????????????????????????? | | ?????????????????????????????????????????????????? | +----------------------------------------------------+ Best States ------------- Heat Dissipation 56 Energy Generation 30 Energy Capacity 500 Matter Stores 300 Matter Capacity 300 Sight Range 16 Terrain Scan Range 16 Terrain Scan Density 10 Armor Coverage 600 Resistance: KI 20 Resistance: TH 10 Resistance: EX 25 Propulsion Shielding 66 Evasion (%) 50 Targeting Accuracy 8 Target Analysis 6 Recoil Reduction 5 Offensive Hacking 10 Defensive Hacking 10 Item Schematics ----------------- None Robot Schematics ------------------ None Fabricated ------------ Nothing Repaired ---------- Lgt. Treads | 17% | -10/Materials Lgt. Treads | 3% | -10/Materials Lgt. Treads | 23% | -8/Materials Med. Treads | 9% | -6/Factory Studied --------- Hvy. Assault Rifle | -9/Materials | Hacked Imp. Treads | -9/Materials | Hacked Lgt. Treads | -9/Materials | Hacked Imp. Ion Engine | -9/Materials | Hacked Rocket Launcher | -9/Materials | Hacked Alien Tech Used ----------------- None Achievements -------------- Analysis Probe Challenges ------------ None Game ------ Seed ComponentCloakInjector Manual? 0 Play Time 01:25:07 Cumulative 237.4 hours Start 2026.09.23 @ 15:59:15 End 2026.09.23 @ 17:24:02 Sessions 1 Manual Loads 0 Difficulty Rogue Special Mode None Game No. 365 Rogue 362 Adventurer 3 Explorer 0 Win Type - Total 2 Types 2/0/0/0/0/0/0/0/0/0 Lore% 69 Gallery% 58 Achievement% 36 Wizard Run 0 Options --------- Layout 0 ASCII 0 Keyboard 0 Movement Mouse Keybinds 0 Fullscreen 2 Font 18/SmallcapsGlow Map View 76x50 Zoom Use 0% Tactical HUD 1 Map Filters NONE Filters NONE Steam 1 RUN: 6de950f2-824c-421c-a9fb-15011c8ae757